AoeStats
← 17_Neo_

Arabia

508149736Analyzed
1v1 RM · 11d ago on Sep 21, 2026· 46m 32s· 2 players
Game mode
Random Map
Map size
Tiny (2 player)
Population
200
Speed
Normal
Resources
Standard
Victory
Conquest
Starting age
Dark Age
Ending age
Imperial Age
RankedLock teamsTeams togetherTeam positionsShared explorationLock speedFull tech treeHidden civsTurbo modeCheats
Victory
Defeat
🇨🇴 Maya · Colombia
1675
+8
🇲🇽 Spanish · Mexico
1488
-8
17_Neo_
0:28 Loom
10:04 Feudal Age
10:56 Double-Bit Axe
15:40 Padded Archer Armor
18:44 Horse Collar
23:00 Castle Age
21:04 Gold Mining
22:28 Fletching
23:04 Elite Skirmisher
23:41 Bodkin Arrow
24:26 Leather Archer Armor
24:56 Thumb Ring
25:33 Ballistics
25:45 Crossbowman
27:07 Town Watch
34:35 Wheelbarrow
37:22 Bow Saw
41:03 Imperial Age
39:06 Heavy Plow
39:47 Hul'che Javelineers
39:51 Pikeman
41:02 Forging
40:54 Scale Mail Armor
41:48 Bracer
42:51 Chemistry
41:54 Scale Mail Armor
43:21 Ring Archer Armor
43:37 Chain Mail Armor
44:44 Iron Casting
43:53 Halberdier
46:04 Plate Mail Armor
47:47 Two-Man Saw
47:13 Hand Cart
__Mafia
6:53 Loom
9:58 Feudal Age
10:33 Double-Bit Axe
10:30 Horse Collar
11:12 Man-at-Arms
16:09 Padded Archer Armor
15:55 Town Watch
16:58 Fletching
17:54 Wheelbarrow
23:00 Castle Age
22:39 Scale Barding Armor
23:10 Elite Skirmisher
24:08 Bodkin Arrow
24:31 Leather Archer Armor
27:08 Town Watch
36:50 Imperial Age
36:36 Bloodlines
36:27 Husbandry
35:51 Light Cavalry
37:53 Forging
40:56 Iron Casting
42:59 Bracer
43:46 Chain Barding Armor
44:11 Ring Archer Armor
45:33 Chemistry
47:12 Plate Barding Armor
Connection lost

Rejoining the realm…

Still unreachable

The connection could not be restored.

Session expired

The server has moved on; the page needs a fresh start.